Unix NetHack Version 5.0.0-0 post-release - last build May 17 2026 04:57:42 (dc50c8380fa5e20985bfe3072449f57b8d9895ef,branch:main).

Game began 2026-05-21 12:39:48, ended 2026-05-21 13:08:36.

FutureTim, lawful female human Valkyrie

               ----                                         ------
            ---|..|                            ---         --.--.-------
  ----- -----.--..----              ------------.-----   --|...........|
 --...---.@..........|--------------|................|---|.|...........|
 |...................|...|...|..|??*|.......*........|...|...........-
 --.|..?.............|...|...|..|)[)|.........--|--..-...|.---....----
  ----.|.--.........n--|---|-|..|)..|..-----..|...|..|...|%| --..--
     ------..................-|---|--..|.((|--|...|..-----)|----.|
  --   --....--......-----.............-..%|  |...|......%.||....|
 --.----.....||..........|...-+--......|.((|  |---|........||.----     ---
 |........-.--|..........-...|  |...{..------+|%(+|...-------.|        ..|
 |-......-- * --...h.....|...|  |.............|(((|...+  --...|        ..---
 |........##`---...........-------|---.....-+-|...|...|  |....|      --....|
 |.......|  #|.......................|-|-..|  |-|--...----....--     |.....|
 --.......  *|.......--------....----| .|..|  |........|.......--   --<....----
  --..-..###$%.......|......|....-.%%| .|..----.....#..|........-- --.........|
   |-.--#######......|._....-....|.%%|  |...)....{....-|.........---..........|
   |...|  #####--...........|....--------.....#....|..--...--................--
   --..| ##### `-.-..-..----|.....................-|.......|--........---.--..|
    ---- ####`## ##`####    ---------------------------.--.| -----.|.--  --   |
           `##    ######`                             ------     -----
FutureTim the Fighter       St:17 Dx:15 Co:18 In:10 Wi:9 Ch:8  Lawful
Dlvl:7  $:2  HP:0(76) Pw:18(18) AC:0  Xp:7 T:3209 

Latest messages:
 The yeti hits!
 The yeti hits again!
 The yeti bites!
 The yeti just misses!
 The yeti hits!
 The yeti misses!
 You hit the orc mummy.
 The yeti hits!
 The yeti hits again!
 The yeti bites!
 You feel more confident in your weapon skills.
 You hit the orc mummy.
 The yeti hits!
 The yeti hits again!
 The yeti bites!
 The yeti hits!
 The yeti hits again!
 The yeti bites!
 You climb up the stairs.
 The bat misses!
 Are you waiting to get hit?  Use 'm' prefix to force a no-op (to rest).
 You kill the bat!
 You hear someone cursing shoplifters.
 You are now most skilled in spear.
 You descend the stairs.
 You miss the yeti.
 The yeti hits!
 The yeti hits again!
 The yeti misses!
 You hit the yeti!
 The yeti hits!
 The yeti hits again!
 The yeti misses!
 You hit the yeti!
 The yeti hits!
 The yeti hits again!
 The yeti bites!
 The yeti misses!
 The yeti hits!
 The yeti bites!
 What do you want to zap? [xP or ?*] <enter>
 Never mind.
 You climb up the stairs.
 You hear crashing rock.
 You hear crashing rock.
 You kill the gas spore!
 Boom!
 You are caught in the gas spore's explosion!
 It is fatal.
 Do you want your possessions identified? [ynq] (y) q

Inventory:
 Coins    ('$')
  $ - 2 gold pieces
 Amulets  ('"')
  O - an uncursed amulet of magical breathing
 Weapons  (')')
  y - 14 +0 arrows
  e - 10 +0 ya
  z - a +0 bow
  b - a +0 dagger
  a - a corroded +1 spear (weapon in right hand)
 Armor    ('[')
  J - an uncursed +0 pair of kicking boots (being worn)
  c - an uncursed very rotted +3 small shield (being worn)
  t - an uncursed very rotted +0 oilskin cloak (being worn)
  E - an uncursed +0 dwarvish mithril-coat (being worn)
 Comestibles  ('%')
  d - 2 uncursed food rations
  A - an uncursed partly eaten food ration
  F - an uncursed lembas wafer
 Scrolls  ('?')
  G - an uncursed scroll of identify
 Potions  ('!')
  B - an uncursed potion of enlightenment
  M - an uncursed potion of gain energy
  K - an uncursed potion of healing
  v - an uncursed potion of invisibility
  g - an uncursed potion of monster detection
  k - an uncursed potion of polymorph
  D - an uncursed potion of see invisible
  h - an uncursed potion of sleeping
 Wands    ('/')
  x - a wand of magic missile (0:3)
  P - a wand of speed monster (0:6)
 Tools    ('(')
  C - an empty uncursed sack
  L - a frost horn (0:6)
  o - an uncursed magic whistle
  m - a cursed oil lamp
  N - an uncursed stethoscope
  r - an uncursed tallow candle
  H - an uncursed tin opener
  q - a cursed wax candle
 Gems/Stones  ('*')
  l - 2 uncursed worthless pieces of violet glass

FutureTim the Valkyrie's attributes:

Background:
 You were a Fighter, a level 7 human Valkyrie.
 You were lawful, on a mission for Tyr
 who was opposed by Odin (neutral) and Loki (chaotic).
 You were right-handed.
 You were in the Gnomish Mines, on level 7.
 You entered the dungeon 3209 turns ago.
 You had 1060 experience points, 220 more were needed to attain level 8.

Basics:
 You had 0 out of 76 hit points.
 You had all 18 energy points (spell power).
 Your armor class was 0.
 Your wallet contained 2 zorkmids.
 Autopickup was off.

Final Characteristics:
 Your strength was 17 (limit:18/100).
 Your dexterity was 15 (limit:18).
 Your constitution was 18 (limit:18).
 Your intelligence was 10 (limit:18).
 Your wisdom was 9 (limit:18).
 Your charisma was 8 (limit:18).

Final Status:
 You weren't hungry.
 You were unencumbered.
 You were wielding a spear.
 You had expert skill with spear.

Final Attributes:
 You were piously aligned.
 You were cold resistant.
 You were shock resistant.
 You were stealthy.
 You were guarded.
 Your spell casting was impaired by metallic armor.
 You were fast.
 You are dead.

Miscellaneous:
 You didn't encounter any bones levels.
 Total elapsed playing time was 28 minutes and 47 seconds.

Major events:
 Turn
    1: FutureTim the lawful human Valkyrie entered the dungeon
 1074: entered the Gnomish Mines
 1085: attained the rank of Skirmisher (level 3)
 2088: reached Mine Town
 2145: attained the rank of Fighter (level 6)
 3209: killed by a gas spore's explosion

Spells:
 Name                 Level Category     Fail Retention
 levitation             4   escape       100%  76%-100%

Skills:
 Fighting Skills
   bare handed combat [Unskilled]
   two weapon combat  [Unskilled]
   riding             [Unskilled]
 Weapon Skills
   dagger             [Basic]
   axe                [Unskilled]
   pick-axe           [Unskilled]
   short sword        [Unskilled]
   broadsword         [Unskilled]
   long sword         [Unskilled]
   two-handed sword   [Unskilled]
   saber              [Unskilled]
   hammer             [Unskilled]
   quarterstaff       [Unskilled]
   polearms           [Unskilled]
   spear              [Expert]
   trident            [Unskilled]
   lance              [Unskilled]
   sling              [Unskilled]
 Spellcasting Skills
   attack spells      [Unskilled]
   escape spells      [Unskilled]

Voluntary challenges:
 Character rerolling was not enabled.
 You never genocided any monsters.
 You never polymorphed an object.
 You never changed form.
 You used no wishes.
Achievements:
 You entered the Gnomish Mines.
 You attained the rank of Skirmisher.
 You entered Minetown.
 You attained the rank of Fighter.
 You entered a shop.
 You entered a temple.

 The Dungeons of Doom: levels 1 to 3
    Level 1:
       Some fountains.
    Level 2:
    Level 3:
       Stairs down to The Gnomish Mines.
 The Gnomish Mines: levels 4 to 9
    Level 4:
    Level 5:
    Level 6:
    Level 7: <- You were here.
       Many shops, a temple and an altar, some fountains, some trees.
       Final resting place for
          you, killed by a gas spore's explosion.
    Level 8:
    Level 9:


Vanquished creatures:
  a giant mimic
  a large mimic
 an elf-noble
  3 brown puddings
  a yeti
  a werewolf
  a dog
  a raven
  a plains centaur
  a violet fungus
  8 gnome leaders
  a gnomish wizard
  a paper golem
  a kitten
  2 dwarves
  a kobold leader
 an iguana
  2 acid blobs
  a gas spore
  a hobbit
 49 gnomes
  3 geckos
 10 jackals
  3 foxes
  5 grid bugs
  a bat
  2 lichens
  3 kobold zombies
  8 newts
115 creatures vanquished.

No species were genocided or became extinct.

Game over:
                       ----------
                      /          \
                     /    REST    \
                    /      IN      \
                   /     PEACE      \
                  /                  \
                  |    FutureTim     |
                  |       2 Au       |
                  | killed by a gas  |
                  |     spore's      |
                  |    explosion     |
                  |                  |
                  |       2026       |
                 *|     *  *  *      | *
        _________)/\\_//(\/(/\)/\//\/|_)_______

Farvel FutureTim the Valkyrie...

You died in The Gnomish Mines on dungeon level 7 with 4662 points,
and 2 pieces of gold, after 3209 moves.
You were level 7 with a maximum of 76 hit points when you died.

